 Dungeon Crawl Stone Soup version 0.29.1-12-g30fa7ad0bf (webtiles) character file.

Game seed: 6638576092938313889

18 oldriver the Vexing (level 2, -3/14 HPs)
             Began as a Vine Stalker Arcane Marksman on Dec 31, 2022.
             Slain by an adder (4 damage)
             ... on level 2 of the Dungeon.
             The game lasted 00:03:01 (1911 turns).

oldriver the Vexing (Vine Stalker Arcane Marksman)  Turns: 1911, Time: 00:03:02

Health: -3/14      AC:  2    Str: 12    XL:     2   Next: 70%
Magic:  0/5        EV: 12    Int: 13    God:
Gold:   56         SH:  0    Dex: 14    Spells: 2/3 levels left

rFire   . . .      SeeInvis .   (no weapon)
rCold   . . .      Faith    .   (no shield)
rNeg    . . .      Spirit   +   c - +0 robe
rPois   .          Reflect  .   (no helmet)
rElec   .          Harm     .   (no cloak)
rCorr   .          Rampage  .   (no gloves)
Will    .....                   (no boots)
Stlth   ++........              (no amulet)
HPRegen 0.04/turn               (no ring)
MPRegen 0.09/turn               (no ring)

@: hasted, very quick
A: fangs 2, magic shield, antimagic bite, no potion heal 2
a: no special abilities


You were on level 2 of the Dungeon.
You visited 1 branch of the dungeon, and saw 2 of its levels.

You collected 56 gold pieces.

Inventory:

Hand Weapons
 a - a +1 sling
Armour
 c - a +0 robe (worn)
Scrolls
 b - a scroll of poison
 e - a scroll of brand weapon {unknown}
 f - a scroll of butterflies {unknown}
 g - a scroll of teleportation {unknown}
 j - a scroll of identify {unknown}
Potions
 i - a potion of lignification {unknown}
 k - a potion of brilliance {unknown}


   Skills:
 + Level 1.3 Fighting
 * Level 2.3 Ranged Weapons
 - Level 1.5 Dodging
 * Level 0.7 Stealth
 + Level 1.4 Spellcasting
 - Level 3.0 Hexes


You had 2 spell levels left.
You knew the following spells:

 Your Spells              Type           Power      Damage    Failure   Level
a - Slow                  Hex            32%        N/A       8%          1

Your spell library contained the following spells:

 Spells                   Type           Power      Damage    Failure   Level
 Inner Flame              Hex/Fire       4%         N/A       41%         3
 Portal Projectile        Hex/Tloc       8%         N/A       41%         3
 Cause Fear               Hex            4%         N/A       61%         4


Dungeon Overview and Level Annotations

Branches:
Dungeon (2/15)

Altars:


Innate Abilities, Weirdness & Mutations

You have extremely sharp teeth.
When hurt, damage is shared between your health and your magic reserves.
Your bite disrupts and absorbs the magic of your enemies.
Potions cannot restore your health.


Message History

Fire: a) +1 sling
Press: ? - help, Shift-Dir - straight line, f/p - adder
Aim: an adder (slow, 38% to hit)
You shoot a sling bullet.
The sling bullet barely misses the adder.
You feel sick. The adder bites you.
Unknown command.
Fire: a) +1 sling
Press: ? - help, Shift-Dir - straight line, f/p - adder
Aim: an adder (slow, 38% to hit)
You shoot a sling bullet.
The sling bullet closely misses the adder.
You feel sick. The adder bites you.
* * * LOW HITPOINT WARNING * * *
You are lethally poisoned!
The adder poisons you!
It was a potion of haste.
You feel yourself speed up.
* * * LOW HITPOINT WARNING * * *
You feel sick. The adder barely misses you.
Unknown command.
It was a potion of curing.
Your system rejects the healing.
You feel better. The adder barely misses you.
Okay, then.
You are now empty-handed.
You closely miss the adder. You closely miss the adder. The adder bites you.
* * * LOW HITPOINT WARNING * * *
You closely miss the adder. You closely miss the adder.
Your bite misses the adder. The adder bites you but does no damage.
You barely miss the adder. The adder bites you.
* * * LOW HITPOINT WARNING * * *
You hit the adder but do no damage. You closely miss the adder.
The adder barely misses you.
You hit the adder but do no damage. You miss the adder.
The adder completely misses you.
You closely miss the adder. Your bite misses the adder.
The adder is no longer moving slowly.
You hit the adder but do no damage. The adder bites you.
You die...

#. #. .# . #. .#
#.#. .# #.#. .#
... .# #.#. ..
######..#####....
#..?...@.........
#.....S...######
#.........##
#..........#
...........##
............#
............#
............###
............###


You could see an adder.

Vanquished Creatures
  A dart slug (D:2)
  A ball python (D:1)
  2 endoplasms
  A giant cockroach (D:1)
  2 hobgoblins (D:1)
  2 quokkas (D:1)
  3 bats
  2 kobolds (D:1)
  2 rats
16 creatures vanquished.

Notes
Turn   | Place    | Note
-------+----------+-------------------------------------------
     0 | D:1      | oldriver the Vine Stalker Arcane Marksman began the quest
                  | for the Orb.
     0 | D:1      | Reached XP level 1. HP: 9/9 MP: 3/3
    63 | D:1      | Reached skill level 1 in Fighting
   671 | D:1      | Reached XP level 2. HP: 14/14 MP: 4/4
  1911 | D:2      | Slain by an adder

Illustrated notes

Levels and vault maps discovered:
D:1:      onia_arrival_pentagram, layout_basic
D:2:      layout_basic, chequers_ecumenical_altar_simple

Skill      XL: |  1 |
---------------+----+-----
Fighting       | 1 |  1.3
Ranged Weapons | 2 |  2.3
Dodging        | |  1.5
Stealth        | |  0.7
Spellcasting   | |  1.4
Hexes          | |  3.0

Action                   || total
-------------------------++-------
Melee: Unarmed           ||    11
 Fire: Sling             ||    70
 Cast: Slow              ||    18
  Use: Potion            ||     2
Armor: Robe              ||    12
Dodge: Dodged            ||    37
